 Dungeon Crawl Stone Soup version 0.21.1-1-g345015f (webtiles) character file.

219 Falco the Slasher (level 5, -2/38 HPs)
             Began as a Vampire Skald on May 5, 2018.
             Was an Initiate of Sif Muna.
             Slain by a hound (5 damage)
             ... on level 4 of the Dungeon.
             The game lasted 00:11:53 (2696 turns).

Falco the Slasher (Vampire Skald)                   Turns: 2696, Time: 00:11:54

Health: -2/38      AC:  5    Str: 11    XL:     5   Next: 64%
Magic:  6/8        EV: 12    Int: 15    God:    Sif Muna [......]
Gold:   134        SH:  0    Dex: 14    Spells: 3/8 levels left

rFire    . . .     SeeInvis +   a - +3 falchion
rCold    . . .     Gourm    .   (no shield)
rNeg     + . .     Faith    .   b - +0 leather armour
rPois    .         Spirit   .   (no helmet)
rElec    .         Reflect  .   l - +0 cloak (curse)
rCorr    .         Harm     .   (no gloves)
MR       .....                  k - +0 pair of boots
Stlth    +.........             (no amulet)
HPRegen  0.12/turn              (no ring)
MPRegen  0.11/turn              (no ring)

@: singing, very slightly contaminated
A: fangs 3, see invisible, unbreathing
a: Bat Form, Renounce Religion


You were on level 4 of the Dungeon.
You worshipped Sif Muna.
Sif Muna was noncommittal.
You were not thirsty.

You visited 1 branch of the dungeon, and saw 4 of its levels.

You collected 134 gold pieces.

Inventory:

Hand Weapons
 a - a +3 falchion (weapon)
Missiles
 f - 3 tomahawks (quivered)
 h - 26 poisoned needles
Armour
 b - a +0 leather armour (worn)
 k - a +0 pair of boots (worn)
 l - a cursed +0 cloak (worn)
Jewellery
 g - an uncursed ring of flight {unknown}
Scrolls
 e - a scroll of teleportation {unknown}
Potions
 d - 12 potions of blood
 j - a potion of resistance {unknown}
Books
 c - a book of Battle

   Spells                             Type                      Level
   a - Infusion                       Charms                       1
   b - Shroud of Golubria             Charms/Translocation         2
   c - Song of Slaying                Charms                       2
   d - Spectral Weapon                Hexes/Charms                 3
   e - Regeneration                   Charms/Necromancy            3


   Skills:
 + Level 2.1 Fighting
 + Level 4.3 Long Blades
 + Level 2.0 Armour
 + Level 2.8 Dodging
 + Level 1.0 Stealth
 + Level 2.3 Spellcasting
 + Level 3.8 Charms


You had 3 spell levels left.
You knew the following spells:

 Your Spells              Type           Power        Failure   Level  Hunger
a - Infusion              Chrm           ##..         6%          1    #......
b - Song of Slaying       Chrm           ##......     9%          2    ###....
c - Shroud of Golubria    Chrm/Tloc      #.........   19%         2    ###....


Dungeon Overview and Level Annotations

Branches:
Dungeon (4/15)
 Temple: D:4-7

Altars:
Sif Muna
Vehumet

Annotations:
D:3 MemeProof's ghost, amateur BaFi


Innate Abilities, Weirdness & Mutations

You have razor-sharp teeth.
You have supernaturally acute eyesight. (SInv)
You can survive without breathing.


Message History

The hound is lightly wounded.
The hound closely misses you. The hound bites you.
* * * LOW HITPOINT WARNING * * *
You hit the hound.
The hound is moderately wounded.
The hound closely misses you.
You closely miss the hound.
The hound is moderately wounded.
The hound bites you.
* * * LOW HITPOINT WARNING * * *
The hound bites you.
* * * LOW HITPOINT WARNING * * *
Okay, then.
You closely miss the hound.
The hound is moderately wounded.
The hound barely misses you.
You riposte.
You hit the hound. Your bite misses the hound.
The hound is heavily wounded.
The hound bites you.
You die...

.[ ##.## .# # #...# .#
.. #...# .# ... #...#
.# .... #####...#####
.#..#.#
##........<..##......#
$......h..<........#
#.....@†....#####.S.#
#####..†##### # #...#
#...# #...# ...##
.#### #.


You could see a hound.

Vanquished Creatures
  A howler monkey (D:3)
  A hound (D:4)
  A worker ant (D:4)
  5 adders
  2 worms (D:2)
  2 dart slugs
  2 leopard geckos
  9 bats
  5 giant cockroaches
  3 goblins
  9 hobgoblins
  7 jackals (D:1)
  6 kobolds
  9 frilled lizards
  A quokka skeleton (D:4)
  6 rats
69 creatures vanquished.

Notes
Turn   | Place    | Note
-------+----------+-------------------------------------------
     0 | D:1      | Falco the Vampire Skald began the quest for the Orb.
     0 | D:1      | Reached XP level 1. HP: 16/16 MP: 3/3
    75 | D:1      | Reached XP level 2. HP: 20/22 MP: 5/5
   592 | D:1      | Reached XP level 3. HP: 23/27 MP: 6/6
   603 | D:1      | Reached skill level 1 in Armour
   794 | D:1      | Learned a level 2 spell: Song of Slaying
   797 | D:1      | Learned a level 2 spell: Shroud of Golubria
  1582 | D:2      | Reached skill level 1 in Stealth
  1582 | D:2      | Reached XP level 4. HP: 21/33 MP: 7/7
  2078 | D:2      | Found a deep blue altar of Sif Muna.
  2090 | D:2      | Reached skill level 3 in Long Blades
  2098 | D:2      | Became a worshipper of Sif Muna the Loreminder
  2131 | D:2      | Found a radiant altar of Vehumet.
  2579 | D:3      | Reached XP level 5. HP: 38/38 MP: 8/8
  2625 | D:3      | Noticed MemeProof's ghost (amateur BaFi)
  2685 | D:4      | Reached skill level 4 in Long Blades
  2696 | D:4      | Slain by a hound

Skill      XL: |  1  2  3  4  5 |
---------------+----------------+-----
Armour         | 1 2 |  2.0
Fighting       | 2 |  2.1
Stealth        | 1 |  1.0
Long Blades    | 3 4 |  4.3
Dodging        | |  2.8
Spellcasting   | |  2.3
Charms         | |  3.8

Action                   |  1- 3 |  4- 6 || total
-------------------------+-------+-------++-------
Melee: Falchion          |   126 |    75 ||   201
       Bite              |    16 |    10 ||    26
Throw: Tomahawk          |       |     1 ||     1
 Cast: Infusion          |     1 |       ||     1
       Shroud of Golubri |       |     3 ||     3
       Song of Slaying   |       |     2 ||     2
  Use: Scroll            |     4 |     1 ||     5
       Potion            |       |     9 ||     9
 Stab: Sleeping          |     4 |     1 ||     5
Armor: Leather armour    |    44 |    34 ||    78
Dodge: Dodged            |   120 |    88 ||   208
       Rpst.: Falchion   |    32 |    27 ||    59
